 Dungeon Crawl Stone Soup version 0.22-a0-358-g7563fe7 (webtiles) character file.

1563 GameOver the Destroyer (level 8, -6/94 HPs)
             Began as a Naga Fire Elementalist on Apr 18, 2018.
             Was a Follower of Kikubaaqudgha.
             Mangled by an orc warrior
             ... wielding a +0 halberd
              (22 damage)
             ... on level 7 of the Dungeon.
             The game lasted 00:27:40 (4357 turns).

GameOver the Destroyer (Naga Fire Elementalist)     Turns: 4357, Time: 00:27:40

Health: -6/94      AC:  6    Str: 14 (17) XL:     8   Next: 89%
Magic:  9/12       EV: 10    Int: 18 (19) God:    Kikubaaqudgha [*.....]
Gold:   145        SH:  3    Dex:  9 (11) Spells: 1/12 levels left

rFire    + . .     SeeInvis +   g - +0 whip (elec)
rCold    x . .     Gourm    .   (no shield)
rNeg     . . .     Faith    .   a - +0 robe
rPois    +         Spirit   .   m - +2 hat {SInv}
rElec    .         Reflect  +   (no cloak)
rCorr    .         Harm     .   (no gloves)
MR       +....                  (no barding)
Stlth    ..........             y - +3 amulet of reflection
HPRegen  0.25/turn              z - ring of fire
MPRegen  0.13/turn              i - ring of poison resistance (curse)

@: berserking (expiring), flying, quick
A: large, rugged brown scales 1, see invisible, clever 1, deformed body, poison
resistance, slowness 2, slow metabolism 1, spit poison 1, sturdy frame 1, AC +2
a: Spit Poison, Receive Corpses, Renounce Religion


You were on level 7 of the Dungeon.
You worshipped Kikubaaqudgha.
Kikubaaqudgha was aware of your devotion.
You were hungry.

You visited 2 branches of the dungeon, and saw 8 of its levels.

You collected 251 gold pieces.
You spent 106 gold pieces at shops.

Inventory:

Hand Weapons
 d - a +0 short sword
 g - a +0 whip of electrocution (weapon)
 j - a +0 flail of venom
 k - a +1 whip of draining
 u - a +0 morningstar
 H - a +0 mace of draining
Missiles
 n - 126 bolts
Armour
 a - a +0 robe (worn)
 m - a +2 hat of see invisible (worn)
 w - a +0 leather armour
Jewellery
 b - a +4 ring of strength
 i - a cursed ring of poison resistance (right hand)
 y - a +3 amulet of reflection (around neck)
 z - a ring of fire (left hand)
 A - a cursed -3 ring of evasion {unknown}
 G - an uncursed amulet of the gourmand {unknown}
Wands
 x - a wand of digging (23)
 B - a wand of enslavement (16)
 F - a wand of flame (26)
Scrolls
 h - a scroll of immolation
 l - 2 scrolls of teleportation
 o - 3 scrolls of fog {unknown}
 p - a scroll of enchant armour {unknown}
 r - 2 scrolls of amnesia
 s - a scroll of blinking {unknown}
 t - a scroll of enchant weapon {unknown}
 D - a scroll of summoning {unknown}
 J - a scroll of remove curse {unknown}
Potions
 e - 3 potions of curing
 f - a potion of berserk rage
 q - a potion of degeneration
 v - 2 potions of haste
 E - a potion of mutation
Comestibles
 c - 13 rations


   Skills:
 + Level 3.7 Maces & Flails
 - Level 1.5 Dodging
 - Level 3.0 Stealth
 + Level 2.7 Spellcasting
 * Level 8.1 Conjurations
 + Level 6.4 Fire Magic


You had one spell level left.
You knew the following spells:

 Your Spells              Type           Power        Failure   Level  Hunger
a - Throw Flame           Conj/Fire      #####.       1%          2    ##.....
d - Fireball              Conj/Fire      #####.....   24%         5    ######.
s - Sticky Flame          Conj/Fire      #####...     9%          4    #####..


Dungeon Overview and Level Annotations

Branches:
Dungeon (7/15)             Temple (1/1) D:5

Altars:
Ashenzari
Cheibriados
Dithmenos
Elyvilon
Fedhas
Gozag
Hepliaklqana
Kikubaaqudgha
Makhleb
Nemelex Xobeh
Okawaru
Qazlal
Ru
Sif Muna
Uskayaw
Vehumet
Wu Jian
Xom
Yredelemnul
The Shining One

Shops:
D:5 ==([   D:7 (

Annotations:
D:6 2 transporters


Innate Abilities, Weirdness & Mutations

You cannot wear boots.
Your serpentine skin is tough. (AC +2)
You have supernaturally acute eyesight. (SInv)
Armour fits poorly on your strangely shaped body.
Your system is resistant to poisons. (rPois)
You cover ground very slowly.
You have a slow metabolism.
You can spit poison.
You are partially covered in rugged brown scales. (AC +1, +3% HP)
Your mind is acute. (Int +2)
Your movements are slightly less encumbered by armour. (ER -2)


Message History

g - Guard the area. f - Follow me.
Anything else - Cancel.
Guard this area!
You have got your breath back.
The orc warrior is no longer charmed.
Okay, then.
Evoke which item? (* to show all) (? for menu, Esc to quit)
Okay, then.
A red film seems to cover your vision as you go berserk!
You feel yourself moving faster!
You feel mighty!
The orc warrior shouts!
The orc warrior hits you from afar with a halberd!
* * * LOW HITPOINT WARNING * * *
You feel a strong urge to attack something.
The orc warrior barely misses you.
You hit the orc warrior but do no damage.
The orc warrior is lightly wounded.
The orc warrior hits you with a halberd!!
You die...
Kikubaaqudgha rasps: "You have failed me!
Welcome... death!"

#...##.# #.#..#
#...##.# #.#..######
#..)##'###.#....J...
####)...##.#.#########
#....##.#.#.......#
####...)##.#.#..[.##.#
........)...#'#..#<...#
.###...$)........#.#..#
#........@....#.#..#
#.......o.....#.#..#
#.............#.#..#
#.............#.#..#
...
#........#'#..#.#..# ..
#........#.#..#.#..#
..#...)....#.#..#
#.####.#####.#..# #..
#.#####.####


You could see an orc warrior.

Vanquished Creatures
  A hippogriff (D:7)
  A sky beast (D:7)
  An orc warrior (D:6)
  2 ice beasts
  A black bear (D:6)
  A centaur (D:6)
  A bullfrog (D:6)
  2 scorpions
  A crimson imp (D:5)
  A jelly (D:7)
  A bullfrog skeleton (D:5)
  A gnoll shaman (D:7)
  2 orc priests
  A hound (D:5)
  Natasha (twice) (D:2)
  An orc wizard (D:7)
  4 worker ants
  7 gnolls
  11 adders
  3 oozes
  4 worms
  2 dart slugs
  2 leopard geckos (D:3)
  9 orcs
  6 bats
  4 giant cockroaches
  17 goblins
  3 hobgoblins
  9 kobolds
  3 quokkas
  6 ball pythons (D:3)
  9 frilled lizards
  8 rats
127 creatures vanquished.

Vanquished Creatures (collateral kills)
  A crimson imp (D:7)
  5 orcs (D:7)
6 creatures vanquished.

Grand Total: 133 creatures vanquished

Notes
Turn   | Place    | Note
-------+----------+-------------------------------------------
     0 | D:1      | GameOver the Naga Fire Elementalist began the quest for the Orb.
     0 | D:1      | Reached XP level 1. HP: 15/15 MP: 3/3
   152 | D:1      | Reached XP level 2. HP: 17/22 MP: 3/5
   257 | D:1      | Reached skill level 2 in Conjurations
   638 | D:1      | Reached XP level 3. HP: 28/28 MP: 6/6
   910 | D:2      | Reached skill level 3 in Conjurations
   912 | D:2      | Reached XP level 4. HP: 36/36 MP: 1/7
  1093 | D:2      | Learned a level 4 spell: Sticky Flame
  1289 | D:2      | Noticed Natasha
  1294 | D:2      | Killed Natasha
  1294 | D:2      | Reached XP level 5. HP: 42/42 MP: 6/8
  1362 | D:2      | Noticed Natasha
  1371 | D:2      | Killed Natasha
  1371 | D:2      | Reached skill level 4 in Conjurations
  1598 | D:3      | Found a glowing golden altar of the Shining One.
  1691 | D:3      | Reached XP level 6. HP: 44/49 MP: 6/9
  1839 | D:3      | Reached skill level 5 in Conjurations
  1979 | D:3      | Found an ancient bone altar of Kikubaaqudgha.
  1987 | D:3      | Became a worshipper of Kikubaaqudgha
  2793 | D:5      | Entered Level 5 of the Dungeon
  2793 | D:5      | Found Vaofady's Jewellery Emporium.
  2803 | D:5      | Reached skill level 5 in Fire Magic
  2803 | D:5      | Reached XP level 7. HP: 54/55 MP: 3/10
  2891 | D:5      | Found Siclyfugh's Weapon Boutique.
  2896 | D:5      | Bought a +0 whip of electrocution for 106 gold pieces
  2936 | D:5      | Reached skill level 1 in Maces & Flails
  2936 | D:5      | Reached skill level 6 in Conjurations
  2961 | D:5      | Found a staircase to the Ecumenical Temple.
  2973 | Temple   | Entered the Ecumenical Temple
  3110 | D:5      | Noticed a yak
  3210 | D:5      | Learned a level 2 spell: Throw Flame
  3325 | D:5      | Found Sehiviq's Antique Armour Shop.
  3354 | D:5      | Found Dekkex's Jewellery Boutique.
  3434 | D:5      | Found a sacrificial altar of Ru.
  3434 | D:5      | Found an opulent altar of Gozag.
  3435 | D:5      | Found a shattered altar of Ashenzari.
  3498 | D:6      | Found a transporter.
  3501 | D:6      | Noticed a fire bat
  3531 | D:6      | Found a hide-covered altar of Uskayaw.
  3657 | D:6      | Reached XP level 8. HP: 62/62 MP: 11/11
  3686 | D:6      | Found a transporter.
  3949 | D:6      | Reached skill level 7 in Conjurations
  4034 | D:7      | Learned a level 5 spell: Fireball
  4133 | D:7      | Noticed a hippogriff
  4139 | D:7      | Killed a hippogriff
  4148 | D:7      | Found Urocs's Antique Weapon Shop.
  4287 | D:7      | Reached skill level 8 in Conjurations
  4314 | D:7      | Reached * piety under Kikubaaqudgha
  4314 | D:7      | Identified Kikubaaqudgha's Reference Book on Sinister Rites (Kikubaaqudgha gifted it to you on level 7 of the Dungeon)
  4314 | D:7      | Received a gift from Kikubaaqudgha
  4345 | D:7      | Gained mutation: You are partially covered in rugged brown scales. (AC +1, +3% HP) [potion of mutation]
  4345 | D:7      | Gained mutation: Your mind is acute. (Int +2) [potion of mutation]
  4345 | D:7      | Gained mutation: Your movements are slightly less encumbered by armour. (ER -2) [potion of mutation]
  4357 | D:7      | Mangled by an orc warrior

Vault maps used:
D:1:      roderic_chinese_lattice_arrival
D:2:      uniq_natasha
D:3:      nicolae_tso_swordbearing_angel, nicolae_overflow_crystal_walls,
          minmay_snake_closets
D:4:      first_ration
D:5:      gammafunk_temple_overflow_claw, minmay_temple_entry_trees,
          serial_shops, shop, shop, kennysheep_mini_moat, shop,
          lightli_corner_chamber
D:6:      gammafunk_cloud_chamber, eat_drink_and_be_merry_uskayaw
D:7:      serial_shops, shop_statue
Temple:   regret_index_temple_waves

Skill      XL: |  1  2  3  4  5  6  7  8 |
---------------+-------------------------+-----
Conjurations   | 2 3 4 5 6 8 |  8.1
Fire Magic     | 4 5 6 |  6.4
Maces & Flails | 2 3 |  3.7
Dodging        | |  1.5
Stealth        | |  3.0
Spellcasting   | |  2.7

Action                   |  1- 3 |  4- 6 |  7- 9 || total
-------------------------+-------+-------+-------++-------
Melee: Short sword       |    13 |       |       ||    13
       Whip              |       |    28 |    65 ||    93
 Cast: Flame Tongue      |    26 |    64 |     5 ||    95
       Sticky Flame      |       |     1 |     8 ||     9
       Throw Flame       |       |       |    17 ||    17
 Abil: Spit Poison       |    32 |    60 |    25 ||   117
Evoke: Wand              |       |       |     2 ||     2
  Use: Scroll            |       |       |     7 ||     7
       Potion            |       |       |     5 ||     5
 Stab: Sleeping          |       |       |     2 ||     2
  Eat: Chunk             |     2 |    10 |     8 ||    20
Armor: Robe              |     6 |     8 |    23 ||    37
       Skin              |       |       |     9 ||     9
Dodge: Dodged            |    14 |    21 |    33 ||    68
Block: Other             |       |       |     7 ||     7

Table legend:
 A = Spawn XP
 B = Non-spawn XP
 C = Spawn XP percentage of total XP
 D = Spawn monster count
 E = Non-spawn monster count
 F = Spawn count percentage of total count
 G = Total turns spent on level
                    A         B        C        D         E        F      G
               +---------+---------+-------+---------+---------+-------+---------
         Total |       0 |    2233 |   0.0 |       0 |     133 |   0.0 |  4357
               +---------+---------+-------+---------+---------+-------+---------
           D:1 |       0 |      35 |   0.0 |       0 |      22 |   0.0 |   723
           D:2 |       0 |     189 |   0.0 |       0 |      33 |   0.0 |   776
           D:3 |       0 |     245 |   0.0 |       0 |      34 |   0.0 |   662
           D:4 |       0 |     116 |   0.0 |       0 |      11 |   0.0 |   632
           D:5 |       0 |     265 |   0.0 |       0 |       7 |   0.0 |   602
           D:6 |       0 |     563 |   0.0 |       0 |       7 |   0.0 |   466
           D:7 |       0 |     820 |   0.0 |       0 |      19 |   0.0 |   393
               +---------+---------+-------+---------+---------+-------+---------
